 Dungeon Crawl Stone Soup version 0.22-a0-757-gdba82d8 (webtiles) character file.

72 Mamutox the Chopper (level 4, -5/48 HPs)
             Began as an Ogre Chaos Knight on July 16, 2018.
             Slain by a gnoll
             ... wielding a +0 halberd
              (7 damage)
             ... on level 1 of the Dungeon.
             The game lasted 00:03:15 (1499 turns).

Mamutox the Chopper (Ogre Chaos Knight)             Turns: 1499, Time: 00:03:16

Health: -5/48      AC:  6    Str: 16    XL:     4   Next: 25%
Magic:  4/4        EV: 10    Int: 13    God:    Xom [...*..]
Gold:   71         SH:  0    Dex:  9    Spells: 3/3 levels left

rFire    . . .     SeeInvis .   a - +0 hand axe (chaos)
rCold    . . .     Gourm    .   (no shield)
rNeg     . . .     Faith    .   b - +2 robe
rPois    .         Spirit   .   (helmet restricted)
rElec    .         Reflect  .   l - +0 cloak
rCorr    .         Harm     .   (gloves unavailable)
MR       .....                  (boots unavailable)
Stlth    +.........             i - amulet of the acrobat
HPRegen  0.16/turn              (no ring)
MPRegen  0.09/turn              (no ring)

@: no status effects
A: large, unfitting armour, tough skin 1
a: Renounce Religion


You were on level 1 of the Dungeon.
You worshipped Xom.
You were a favourite toy of Xom.
You were not hungry.

You visited 1 branch of the dungeon, and saw 2 of its levels.

You collected 71 gold pieces.

Inventory:

Hand Weapons
 a - a +0 hand axe of chaos (weapon)
Missiles
 j - 4 poisoned needles
Armour
 b - a +2 robe (worn)
 l - a +0 cloak (worn)
Jewellery
 i - an amulet of the acrobat (around neck)
Scrolls
 d - a scroll of random uselessness {unknown}
 e - a scroll of fog {unknown}
 h - 3 scrolls of identify {unknown}
 k - a scroll of remove curse {unknown}
Potions
 f - a potion of magic {unknown}
 g - a potion of brilliance {unknown}
 n - a potion of flight {unknown}
Comestibles
 c - 5 rations
 m - 2 chunks of flesh


   Skills:
 - Level 4.0 Fighting
 + Level 5.0 Axes
 - Level 2.1 Dodging


You had 3 spell levels left.
You didn't know any spells.
Your spell library contained the following spells:

 Spells                   Type           Power        Failure   Level  Hunger
 Confuse                  Hex            #.......     67%         3    ####...
 Tukima's Dance           Hex            #.......     67%         3    ####...
 Ensorcelled Hibernation  Hex/Ice        #.....       43%         2    ###....
 Corona                   Hex            #......      30%         1    ##.....
 Dazzling Spray           Conj/Hex       #.....       67%         3    ####...


Dungeon Overview and Level Annotations

Branches:
Dungeon (2/15)

Altars:
Elyvilon
Vehumet


Innate Abilities, Weirdness & Mutations

You are too large for most types of armour.
You have tough skin. (AC +1)


Message History

The gnoll hits you with a halberd!
There is a stone staircase leading up, spattered with blood here.
You hit the gnoll.
The gnoll is moderately wounded.
You barely miss the gnoll. The gnoll hits you with a halberd!
The gnoll hits you with a halberd.
You hit the gnoll.
The gnoll is poisoned.
The gnoll is severely wounded.
You barely miss the gnoll. The gnoll hits you with a halberd! x2
* * * LOW HITPOINT WARNING * * *
The gnoll closely misses you. The gnoll hits you with a club.
* * * LOW HITPOINT WARNING * * *
You climb upwards.
There is a stone staircase leading down here.
You hit the gnoll.
You kill the gnoll!
Your Axes skill increases to level 5!
You hit the gnoll.
The gnoll is poisoned.
The gnoll hits you from afar with a halberd!
You die...

##################
..............gg@#
################)#
# #.# # #.# # #.#
# #.# # #.# # #.#
# #.#


You could see 2 gnolls.

Vanquished Creatures
  An adder (D:2)
  A gnoll (D:1)
  A worm (D:2)
  2 dart slugs
  2 leopard geckos
  2 giant cockroaches (D:1)
  4 goblins
  4 hobgoblins
  A ball python (D:1)
  9 bats
  2 frilled lizards
  8 kobolds
  5 rats
42 creatures vanquished.

Notes
Turn   | Place    | Note
-------+----------+-------------------------------------------
     0 | D:1      | Mamutox the Ogre Chaos Knight began the quest for the Orb.
     0 | D:1      | Reached XP level 1. HP: 24/24 MP: 1/1
    40 | D:1      | XOM: harmless Air miscast
    67 | D:1      | XOM: harmless Hex miscast
    73 | D:1      | Reached XP level 2. HP: 31/32 MP: 2/2
   131 | D:1      | XOM: potion effect (curing)
   151 | D:1      | XOM: divination: detect items
   336 | D:1      | XOM: god gift: viscous inky potion {god gift}
   447 | D:1      | XOM: enchant monster (good)
   529 | D:1      | XOM: divination: magic mapping
   717 | D:1      | Reached skill level 4 in Axes
   835 | D:1      | XOM: mild Conj miscast
   976 | D:2      | Reached XP level 3. HP: 37/39 MP: 3/3
  1088 | D:2      | XOM: divination: detect creatures
  1119 | D:2      | Found a radiant altar of Vehumet.
  1231 | D:2      | Found a white marble altar of Elyvilon.
  1323 | D:2      | Reached XP level 4. HP: 44/48 MP: 4/4
  1497 | D:2      | HP: 1/48 [gnoll/club (4)]
  1499 | D:1      | Reached skill level 5 in Axes
  1499 | D:1      | Slain by a gnoll

Vault maps used:
D:1:      doesnt_arrival_eight_statues, dk_noncrumbling_3
D:2:      overflow_temple_1_default, nicolae_overflow_hidden_temple

Skill      XL: |  1  2  3  4 |
---------------+-------------+-----
Axes           | 4 5 |  5.0
Fighting       | |  4.0
Dodging        | |  2.1

Action                   |  1- 3 |  4- 6 || total
-------------------------+-------+-------++-------
Melee: Hand axe          |   140 |    10 ||   150
  Eat: Chunk             |     1 |     1 ||     2
Armor: Robe              |    86 |       ||    86
Dodge: Dodged            |   125 |    10 ||   135

Table legend:
 A = Spawn XP
 B = Non-spawn XP
 C = Spawn XP percentage of total XP
 D = Spawn monster count
 E = Non-spawn monster count
 F = Spawn count percentage of total count
 G = Total turns spent on level
                    A         B        C        D         E        F      G
               +---------+---------+-------+---------+---------+-------+---------
         Total |       0 |     103 |   0.0 |       0 |      42 |   0.0 |  1499
               +---------+---------+-------+---------+---------+-------+---------
           D:1 |       0 |      47 |   0.0 |       0 |      21 |   0.0 |  1084
           D:2 |       0 |      56 |   0.0 |       0 |      21 |   0.0 |   415
               +---------+---------+-------+---------+---------+-------+---------
